 Dungeon Sprint DCSS version 0.31-a0-564-g3b7de120b3 (webtiles) character file.

Game seed: 7204634259890948912

10757 rocky1 the Black Belt (level 11, -15/88 HPs)
             Began as a Djinni Shapeshifter on Aug 18, 2023.
             Was an Initiate of Gozag.
             Demolished by a dire elephant (33 damage)
             ... in the Dungeon (Sprint IX: "|||||||||||||||||||||||||||||").
             The game lasted 00:06:52 (3575 turns).

rocky1 the Black Belt (Djinni Shapeshifter)         Turns: 3575, Time: 00:06:52

Health: -15/88     AC:  9    Str: 14    XL:     11   Next: 98%
Gold:   2146       EV: 12    Int: 10    God:    Gozag SH:  0 Dex: 18

rFire   + +          .
                       - Unarmed
rCold   x . .        (no shield)
rNeg    . . .        m - +1 scale mail
rPois   ∞            (helmet currently unavailable)
rElec   .            (cloak currently unavailable)
rCorr   .            (gloves currently unavailable)
SInv    .            (boots unavailable)
Will    +....        (no amulet)
Stlth   +            (no ring)
HPRegen 0.34/turn    (no ring)
MPRegen 0.00/turn

%: no teleportation, infuse magic (-16 HP)
@: mighty, brilliant, beast-form, gold aura, flying, hasted, very quick
A: beast (slay +4), flying, sickness immunity, fire resistance 2, cold
vulnerability 1, float, innate caster, HP casting, extra vitality 1
a: Begin Untransformation, Renounce Religion, Potion Petition, Call Merchant,
Bribe Branch


You were in the Dungeon.
You worshipped Gozag.
Gozag was most pleased with you.
You were a hulking beast.
You visited 1 branch You collected 4064 gold pieces.
You spent 700 gold pieces at shops.
You paid 1218 gold pieces to Gozag.

Inventory:

Missiles
 b - 4 poisoned darts
Armour
 a - a +0 animal skin
 m - a +1 scale mail (worn)
Jewellery
 k - a +3 ring of dexterity
 l - a +3 ring of dexterity
Talismans
 c - a beast talisman (active)
 d - a flux talisman
Wands
 j - a wand of roots (3)
Scrolls
 o - 3 scrolls of fear
 p - 2 scrolls of enchant weapon
Potions
 e - 8 potions of curing
 g - 3 potions of heal wounds
 h - 2 potions of mutation
 n - a potion of cancellation
 q - 3 potions of attraction
 r - a potion of enlightenment
 s - a potion of haste
 t - a potion of ambrosia
 u - a potion of brilliance


   Skills:
 + Level 11.6 Fighting
 - Level 8.8 Armour
 - Level 6.6 Dodging
 - Level 4.1 Stealth
 + Level 20.1 Unarmed Combat
 - Level 4.7 Spellcasting
 - Level 4.7 Conjurations
 - Level 4.7 Hexes
 - Level 4.7 Summonings
 - Level 4.7 Necromancy
 - Level 4.7 Translocations
 - Level 4.7 Transmutations
 - Level 4.7 Fire Magic
 - Level 4.7 Ice Magic
 - Level 4.7 Air Magic
 - Level 4.7 Earth Magic
 - Level 4.7 Poison Magic
 - Level 2.2 Evocations
 + Level 8.5 Shapeshifting


You knew the following spells:

 Your Spells              Type           Power      Damage    Failure   Level
a - Freeze                Ice            68%        1d8       12%         1
b - Passwall              Tmut/Erth      14%        N/A       17%         2
c - Blink                 Tloc           34%        N/A       17%         2
d - Dazzling Flash        Conj/Hex       34%        N/A       34%         3
e - Silence               Hex/Air        8%         N/A       97%         5
Your spell library was empty.

Dungeon Overview and Level Annotations

Branches:
Dungeon (1/1)

Altars:
Cheibriados
Dithmenos
Elyvilon
Fedhas
Gozag
Hepliaklqana
Makhleb
Nemelex Xobeh
Okawaru
Qazlal
Ru
Trog
Uskayaw
Wu Jian
Xom
Yredelemnul
Zin
The Shining One
Jiyva
Lugonu


Innate Abilities, Weirdness & Mutations

You are a hulking beast.
Your limbs bulge with bestial killing power. (Slay +4)
You are flying.
You are immune to sickness and miasma.
You are immune to poison.
Your flesh is very heat resistant. (rF++)
You are vulnerable to cold. (rC-)
You float through the air rather than walking.
You learn spells naturally, not from books.
Your magical power is your life essence.
You have superior vitality. (+4 MHP)


Message History

The elephant trumpets!
You pummel the elephant!! You punch the elephant!
The elephant is heavily wounded.
You pummel the elephant!!
The elephant is almost dead.
The elephant tramples you!
You are shoved backwards!
You hit the elephant. You punch the elephant!
You kill the elephant!
You see here 387 gold pieces.
There is an open door to Lair:5, spattered with blood here.
The elephant is no longer distracted by gold.
The dire elephant tramples you!
You are shoved backwards!
There is an open door to Lair:5, spattered with blood here.
You pummel the dire elephant!!
The dire elephant is moderately wounded.
You hit the dire elephant.
The dire elephant is moderately wounded.
The dire elephant tramples you but does no damage.
The dire elephant trunk-slaps you.
You pummel the dire elephant!!
The dire elephant is heavily wounded.
You punch the dire elephant!
The dire elephant is heavily wounded.
The dire elephant closely misses you. The dire elephant trunk-slaps you.
You punch the dire elephant!
The dire elephant is severely wounded.
You pummel the dire elephant!! You punch the dire elephant.
The dire elephant is almost dead.
The elephant is distracted by your dazzling golden aura.
The dire elephant tramples you!
* * * LOW HITPOINT WARNING * * *
You are shoved backwards!
The elephant trumpets!
You hit the dire elephant.
The dire elephant is almost dead.
You hit the dire elephant.
The dire elephant is almost dead.
The dire elephant tramples you!!
You die...
Your body crumbles into a pile of gold.

▓.▓.▓.▓
▓.▓.▓[▓
▓.▓.▓[▓
▓.▓.▓.▓
▓.▓.▓)▓
▓Y▓.▓?▓
▓.▓.▓!▓
▓Y▓.▓'▓
▓h▓.▓_▓
▓.▓.▓_▓
▓.▓.▓_▓
▓.▓.▓_▓
▓.▓.▓_▓
▓.▓.▓_▓
▓.▓.▓_▓
▓.▓.▓_▓
▓.▓.▓_▓


You could see a dire elephant and an elephant.

Vanquished Creatures
  A dire elephant (D)
  2 hydras (D)
  A catoblepas (D)
  A two-headed ogre (D)
  A tengu warrior (D)
  A skyshark (D)
  An ugly thing (D)
  5 elephants (D)
  A cyclops (D)
  A rime drake (D)
  3 cane toads (D)
  3 komodo dragons (D)
  A troll (D)
  A hornet (D)
  A polar bear (D)
  A tarantella (shapeshifter) (D)
  A blink frog (D)
  A shadow (D)
  3 yaks (D)
  3 water moccasins (D)
  An ogre (D)
  A kobold brigand (D)
  A bullfrog (D)
  A scorpion (D)
  A killer bee (D)
  An iguana (D)
  An orc wizard (D)
  An orc (D)
  2 goblins (D)
  2 hobgoblins (D)
  A kobold (D)
46 creatures vanquished.

Notes
Turn   | Place    | Note
-------+----------+-------------------------------------------
     0 | D        | rocky1 the Djinni Shapeshifter began the quest for the Orb.
     0 | D        | Reached XP level 1. HP: 17/17 MP: 0/0
    17 | D        | Reached XP level 2. HP: 14/23 MP: 0/0
    60 | D        | Noticed a scorpion
    60 | D        | Noticed an ogre
    65 | D        | Reached skill level 4 in Unarmed Combat
    65 | D        | Reached XP level 3. HP: 11/29 MP: 0/0
    65 | D        | Learned a level 1 spell: Freeze
    71 | D        | Reached skill level 5 in Unarmed Combat
    71 | D        | Reached XP level 4. HP: 13/35 MP: 0/0
    76 | D        | Killed an ogre
    77 | D        | Reached skill level 6 in Unarmed Combat
    77 | D        | Reached skill level 5 in Shapeshifting
    77 | D        | Reached XP level 5. HP: 8/42 MP: 0/0
    77 | D        | Learned a level 2 spell: Passwall
    86 | D        | Reached skill level 5 in Fighting
    86 | D        | Reached skill level 7 in Unarmed Combat
    86 | D        | Reached XP level 6. HP: 9/49 MP: 0/0
   488 | D        | Found a snail-covered altar of Cheibriados.
   488 | D        | Found a shadowy altar of Dithmenos.
   488 | D        | Found a white marble altar of Elyvilon.
   488 | D        | Found a blossoming altar of Fedhas.
   488 | D        | Found an opulent altar of Gozag.
   489 | D        | Found a hazy altar of Hepliaklqana.
   490 | D        | Found a viscous altar of Jiyva.
   492 | D        | Found a corrupted altar of Lugonu.
   493 | D        | Found a burning altar of Makhleb.
   494 | D        | Found a sparkling altar of Nemelex Xobeh.
   495 | D        | Found an iron altar of Okawaru.
   496 | D        | Became a worshipper of Gozag Ym Sagoz the Greedy
   497 | D        | Found a stormy altar of Qazlal.
   498 | D        | Found a sacrificial altar of Ru.
   500 | D        | Found a bloodstained altar of Trog.
   501 | D        | Found a hide-covered altar of Uskayaw.
   503 | D        | Found an ornate altar of the Wu Jian Council.
   504 | D        | Found a shimmering altar of Xom.
   505 | D        | Found a basalt altar of Yredelemnul.
   506 | D        | Found a glowing silver altar of Zin.
   507 | D        | Found a glowing golden altar of the Shining One.
   546 | D        | Noticed a hornet
   546 | D        | Noticed a two-headed ogre
   546 | D        | Noticed a shadow
   546 | D        | Noticed a yak
   557 | D        | Reached skill level 8 in Unarmed Combat
   565 | D        | Killed a yak
   566 | D        | Reached skill level 1 in Stealth
   566 | D        | Reached skill level 10 in Unarmed Combat
   566 | D        | Reached XP level 7. HP: 32/56 MP: 0/0
   566 | D        | Learned a level 2 spell: Blink
   572 | D        | Killed a two-headed ogre
   573 | D        | Reached skill level 1 in Armour
   573 | D        | Reached skill level 12 in Unarmed Combat
   573 | D        | Reached XP level 8. HP: 21/64 MP: 0/0
   577 | D        | Killed a shadow
   583 | D        | Killed a hornet
   584 | D        | Reached skill level 13 in Unarmed Combat
  1126 | D        | Noticed a four-headed hydra
  1126 | D        | Noticed a green ugly thing
  1126 | D        | Noticed a cyclops
  1126 | D        | Noticed a troll
  1126 | D        | Noticed a tengu warrior
  1133 | D        | Noticed a cane toad
  1134 | D        | a cane toad changed into a yaktaur
  1134 | D        | Noticed a yaktaur (shapeshifter)
  1138 | D        | Killed a tengu warrior
  1139 | D        | Reached skill level 5 in Dodging
  1139 | D        | Reached skill level 14 in Unarmed Combat
  1139 | D        | Reached skill level 1 in Spellcasting
  1139 | D        | Reached skill level 1 in Conjurations
  1139 | D        | Reached skill level 1 in Hexes
  1139 | D        | Reached skill level 1 in Summonings
  1139 | D        | Reached skill level 1 in Necromancy
  1139 | D        | Reached skill level 1 in Translocations
  1139 | D        | Reached skill level 1 in Transmutations
  1139 | D        | Reached skill level 1 in Fire Magic
  1139 | D        | Reached skill level 1 in Ice Magic
  1139 | D        | Reached skill level 1 in Air Magic
  1139 | D        | Reached skill level 1 in Earth Magic
  1139 | D        | Reached skill level 1 in Poison Magic
  1139 | D        | Reached XP level 9. HP: 70/70 MP: 0/0
  1139 | D        | Learned a level 3 spell: Dazzling Flash
  1141 | D        | Killed a troll
  1142 | D        | Reached skill level 1 in Evocations
  1149 | D        | Killed a cyclops
  1150 | D        | Reached skill level 15 in Unarmed Combat
  1156 | D        | Killed a green ugly thing
  1157 | D        | Reached XP level 10. HP: 37/77 MP: 0/0
  1388 | D        | Reached skill level 5 in Armour
  1395 | D        | Killed a four-headed hydra
  1396 | D        | Reached skill level 16 in Unarmed Combat
  1904 | D        | Noticed a komodo dragon
  1904 | D        | Noticed a cane toad
  1904 | D        | Noticed a cane toad
  1904 | D        | Noticed a komodo dragon
  1904 | D        | Noticed a rime drake
  1913 | D        | Killed a rime drake
  1920 | D        | Killed a komodo dragon
  1922 | D        | Noticed a komodo dragon
  1923 | D        | Killed a cane toad
  1924 | D        | Reached skill level 17 in Unarmed Combat
  2288 | D        | Killed a komodo dragon
  2289 | D        | Reached skill level 10 in Fighting
  2297 | D        | Killed a komodo dragon
  2300 | D        | Killed a cane toad
  2301 | D        | Reached XP level 11. HP: 25/85 MP: 0/0
  2301 | D        | Learned a level 5 spell: Silence
  2688 | D        | Bought a potion of curing for 42 gold pieces
  2688 | D        | Bought a potion of mutation for 112 gold pieces
  2688 | D        | Bought a potion of attraction for 42 gold pieces
  2688 | D        | Bought a potion of curing for 42 gold pieces
  2688 | D        | Bought a potion of enlightenment for 70 gold pieces
  2688 | D        | Bought a potion of haste for 140 gold pieces
  2688 | D        | Bought 2 potions of attraction for 84 gold pieces
  2688 | D        | Bought a potion of ambrosia for 112 gold pieces
  2688 | D        | Bought a potion of brilliance for 56 gold pieces
  2690 | D        | Noticed a catoblepas
  2690 | D        | Noticed a skyshark
  2690 | D        | Noticed a four-headed hydra
  2696 | D        | Killed a four-headed hydra
  2697 | D        | Reached skill level 18 in Unarmed Combat
  2700 | D        | Killed a skyshark
  2710 | D        | Killed a catoblepas
  2720 | D        | Reached skill level 19 in Unarmed Combat
  3096 | D        | Noticed an elephant
  3096 | D        | Noticed a dire elephant
  3096 | D        | Noticed an elephant
  3096 | D        | Noticed an elephant
  3096 | D        | Noticed an elephant
  3096 | D        | Noticed an elephant
  3097 | D        | Noticed a dire elephant
  3105 | D        | Killed an elephant
  3109 | D        | Killed an elephant
  3114 | D        | Killed an elephant
  3522 | D        | Killed an elephant
  3552 | D        | Noticed an elephant
  3560 | D        | Killed a dire elephant
  3561 | D        | Reached skill level 20 in Unarmed Combat
  3564 | D        | Killed an elephant
  3575 | D        | Demolished by a dire elephant

Illustrated notes

Levels and vault maps discovered:
D:        linesprint [early_d, line_temple, items_1, d_10, items_2, lair_1,
          lair_end, items_3, orc_1, orc_end, items_4, d_15, swamp_1, shoals_1,
          snake_1, spider_1, d_20, vaults_1, items_5, swamp_end, shoals_end,
          snake_end, spider_end, vaults_end, d_27, items_6, zot_1, zot_end,
          crypt_end, forest_end, elf_end, slime_end, tomb_end, abyss_end,
          pan_hell_end]

Skill      XL: |  1  2  3  4  5  6  7  8  9 10 11 |
---------------+----------------------------------+-----
Shapeshifting  | 3 4 5 6 7 8 |  8.5
Fighting       | 2 3 4 5 6 7 8 10 11 | 11.6
Unarmed Combat | 4 5 6 7 10 12 14 15 17 20 | 20.1
Dodging        | 3 4 5 6 |  6.6
Stealth        | 1 3 4 |  4.1
Armour         | 1 3 4 7 8 |  8.8
Spellcasting   | 1 3 4 |  4.7
Conjurations   | 1 3 4 |  4.7
Hexes          | 1 3 4 |  4.7
Summonings     | 1 3 4 |  4.7
Necromancy     | 1 3 4 |  4.7
Translocations | 1 3 4 |  4.7
Transmutations | 1 3 4 |  4.7
Fire Magic     | 1 3 4 |  4.7
Ice Magic      | 1 3 4 |  4.7
Air Magic      | 1 3 4 |  4.7
Earth Magic    | 1 3 4 |  4.7
Poison Magic   | 1 3 4 |  4.7
Evocations     | 1 2 |  2.2

Action                     |  1- 3 |  4- 6 |  7- 9 | 10-12 || total
---------------------------+-------+-------+-------+-------++-------
  Melee: Unarmed           |    20 |    32 |    38 |   124 ||   214
         Punch             |       |     3 |     3 |    20 ||    26
 Invoke: Potion Petition   |       |       |       |     1 ||     1
         Call Merchant     |       |       |       |     1 ||     1
  Evoke: Wand              |       |     1 |     2 |     4 ||     7
    Use: Potion            |     1 |     3 |     3 |     2 ||     9
         Scroll            |       |       |       |     3 ||     3
   Stab: Invisible         |       |     4 |     5 |       ||     9
         Distracted        |       |       |       |     4 ||     4
         Fleeing           |       |       |       |     1 ||     1
 Armour: Skin              |     3 |     7 |       |       ||    10
         Scale mail        |       |     2 |    10 |    24 ||    36
  Dodge: Dodged            |     5 |     8 |    14 |    44 ||    71

Table legend: (Time is in decaauts)
 A = Elapsed time spent in this place.
 B = Non-inter-level travel time spent in this place.
 C = Inter-level travel time spent in this place.
 D = Time resting spent in this place.
 E = Time spent auto-exploring this place.
 F = Levels seen in this place.
 G = Mean time per level.
                   A        B        C        D        E       F      G
               +--------+--------+--------+--------+--------+-----+--------+
         Total |   3522 |   3522 |      0 |   3016 |      0 |   1 | 3522.0 |
       Dungeon |   3522 |   3522 |      0 |   3016 |      0 |   1 | 3522.0 |
               +--------+--------+--------+--------+--------+-----+--------+

Top non-repeatable levels by time:
       D: 3522 daAuts
